 Dungeon Crawl Stone Soup version 0.31-a0-1540-g5a0b83f448 (webtiles) character file.

Game seed: 1944769599385890195

13493 monsoonserge the Grappler (level 11, 0/145 HPs)
             Began as a Troll Shapeshifter on Jan 2, 2024.
             Was an Elder of Wu Jian.
             Slain by a polar bear (5 damage)
             ... on level 1 of the Lair of Beasts.
             The game lasted 00:37:25 (9135 turns).

monsoonserge the Grappler (Troll Shapeshifter)      Turns: 9135, Time: 00:37:25

Health: 0/145      AC:  3    Str: 28    XL:     11   Next: 76%
Magic:  10/10      EV: 20    Int:  6    God:    Wu Jian [****..]
Gold:   321        SH:  0    Dex:  9    Spells: 7/10 levels left

rFire   . .          .
                       - Unarmed
rCold   . . .        (shield currently unavailable)
rNeg    + . .        y - melded +1 robe "Liow" {^Contam rElec rC+ Slay+5}
rPois   .            (helmet restricted)
rElec   .            n - +0 cloak
rCorr   .            (gloves unavailable)
SInv    .            (boots unavailable)
Will    .....        (no amulet) Stlth
                     w - +5 ring of evasion
HPRegen 1.24/turn    O - ring of positive energy
MPRegen 0.12/turn

%: no passive effects
@: berserking (expiring), lethally poisoned (0 -> 0), flux-form, glowing, very
quick
A: glow, contaminating, large, unfitting armour, claws 3, regeneration 1, shaggy
fur 1, tough skin 1
a: Begin Untransformation, Renounce Religion, Wall Jump, Serpent's Lash


You were on level 1 of the Lair of Beasts.
You worshipped Wu Jian.
Wu Jian was greatly pleased with you.
You were something dangerously unstable.
You visited 3 branches of the dungeon, and saw 13 of its levels.
You also visited: Sewer and Bailey.

You collected 492 gold pieces.
You spent 171 gold pieces at shops.

Inventory:

Missiles
 f - 53 poisoned darts
 i - 9 boomerangs (quivered)
 l - 10 curare-tipped darts
 m - 3 throwing nets
 D - 2 javelins
Armour
 n - a +0 cloak (worn)
 y - the +1 robe "Liow" (melded) {^Contam rElec rC+ Slay+5}
   (You bought it in a shop on level 5 of the Dungeon)

   Slay+5:    It affects your accuracy & damage with ranged weapons and melee
   (+5).
   rC+:       It protects you from cold.
   rElec:     It insulates you from electricity.
   ^Contam:   It causes magical contamination when unequipped.
 B - a scarf of invisibility
 L - a +0 troll leather armour
Jewellery
 w - a +5 ring of evasion (left claw)
 z - a ring of fire
 O - a ring of positive energy (right claw)
Talismans
 c - a beast talisman
 d - a flux talisman (active)
Wands
 s - a wand of iceblast (13)
 F - a wand of mindburst (10)
 H - a wand of charming (4)
 M - a wand of light (5)
 P - a wand of digging (5)
 Q - a wand of flame (8)
Scrolls
 a - 3 scrolls of blinking
 g - 3 scrolls of teleportation
 h - 3 scrolls of brand weapon
 j - 3 scrolls of revelation
 k - 5 scrolls of fear
 q - 3 scrolls of fog
 t - a scroll of summoning
 v - 4 scrolls of poison {unknown}
 x - 4 scrolls of immolation
 I - 2 scrolls of enchant armour
 N - a scroll of noise {unknown}
Potions
 b - 2 potions of lignification
 e - 3 potions of curing
 o - 12 potions of heal wounds
 p - 2 potions of magic {unknown}
 r - 3 potions of attraction
 A - a potion of invisibility
 C - 7 potions of haste
 E - a potion of might
 G - 3 potions of mutation
 J - 3 potions of brilliance {unknown}
 K - a potion of cancellation {unknown}


   Skills:
 + Level 3.2 Fighting
 + Level 2.6 Throwing
 + Level 6.1 Dodging
 + Level 14.2 Unarmed Combat
 + Level 1.3 Evocations
 + Level 9.3 Shapeshifting


You had 7 spell levels left.
You knew the following spells:

 Your Spells              Type           Power      Damage    Failure   Level
a - Passwall              Erth           0%         N/A       83%         3

Your spell library contained the following spells:

 Spells                   Type           Power      Damage    Failure   Level
 Ensorcelled Hibernation  Hex/Ice        0%         N/A       58%         2
 Lesser Beckoning         Tloc           0%         N/A       58%         2
 Mercury Vapours          Alch/Air       0%         N/A       58%         2
 Gell's Gravitas          Tloc           0%         N/A       83%         3
 Mephitic Cloud           Conj/Alch/Air  0%         N/A       83%         3
 Swiftness                Air            0%         N/A       83%         3
 Teleport Other           Tloc           0%         N/A       83%         3
 Freezing Cloud           Conj/Ice/Air   0%         6-21      100%        5


Dungeon Overview and Level Annotations

Branches:
Dungeon (11/15)            Temple (1/1) D:7            Lair (1/5) D:11
  Sewer (visited)          Bailey (visited)
    Orc: D:9-12

Altars:
Ashenzari
Cheibriados
Dithmenos
Elyvilon
Fedhas
Gozag
Hepliaklqana
Kikubaaqudgha
Makhleb
Nemelex Xobeh
Okawaru
Qazlal
Ru
Sif Muna
Trog
Uskayaw
Vehumet
Wu Jian
Xom
Yredelemnul
Zin
The Shining One

Shops:
D:5 [   D:7 (   D:8 :[:*

Annotations:
D:6 exclusion: oklob plant
D:8 exclusion: oklob plant
D:9 dig, 2 transporters


Innate Abilities, Weirdness & Mutations

You are something dangerously unstable.
You glow with magical radiation, making you easy to see and hit.
Foes you strike become dangerously contaminated with magical radiation.
You are incapable of wielding weapons or throwing items.
You are too large for most types of armour.
You have claws for hands.
Your natural rate of healing is unusually fast.
You are covered in fur. (AC +1)
You have tough skin. (AC +1)


Message History

You kill the cane toad!
The Council accepts your kill.
You feel sick.
You mangle the bullfrog!!
You kill the bullfrog!
The Council accepts your kill.
You feel sick.
You mangle the water moccasin!!
The water moccasin begins to glow.
The water moccasin is severely wounded.
You feel sick.
You mangle the water moccasin!!
You kill the water moccasin!
The Council accepts your kill.
A polar bear comes into view.
You feel sick.
You see here a catoblepas corpse.
You feel a strong urge to attack something.
You feel sick. The polar bear closely misses you. The polar bear claws you.
* * * LOW HITPOINT WARNING * * *
The polar bear misses you.
Unknown command.
You claw the polar bear!
The polar bear begins to glow.
The polar bear is moderately wounded.
You feel sick. The polar bear misses you. The polar bear completely misses you.
The polar bear claws you but does no damage.
You claw the polar bear!
The polar bear glows dangerously bright.
The polar bear is heavily wounded.
You scratch the polar bear but do no damage.
The polar bear shudders as magic cascades through it!
The polar bear twists and deforms.
The polar bear is almost dead.
You feel sick.
You closely miss the polar bear.
The polar bear is almost dead.
The polar bear goes berserk!
You closely miss the polar bear.
The polar bear is almost dead.
You feel sick. The polar bear bites you.
You die...

.. ##
....
####.#.
.....
#..P
#..#
#<######
#......#
####hp.#
###†#
#.# #.#
###.#
#P#.#
#...#
#..##
#.##


You could see a polar bear (berserk, misshapen).

Vanquished Creatures
  A catoblepas (Lair:1)
  Erica (D:11)
  An ogre mage (D:11)
  A centaur warrior (D:10)
  2 two-headed ogres (D:11)
  A black mamba (Lair:1)
  A gargoyle (D:11)
  A cane toad (Lair:1)
  2 komodo dragons
  4 trolls
  Grinder (D:3)
  3 hornets
  11 yaks (D:10)
  2 wyverns
  4 water moccasins
  3 ice beasts
  5 orc warriors
  2 black bears
  A sky beast (D:6)
  5 ogres
  4 centaurs
  6 kobold brigands
  4 bullfrogs
  3 gnoll sergeants
  3 scorpions
  3 killer bees (D:9)
  An oklob sapling (D:8)
  A howler monkey (D:9)
  6 electric eels (D:10)
  6 jellies
  2 hounds
  3 bombardier beetles
  5 orc priests
  2 sleepcaps
  Crazy Yiuf (D:7)
  A gnoll bouda (D:5)
  4 iguanas
  6 orc wizards
  13 adders
  35 gnolls
  A shadow imp (D:7)
  2 white imps
  2 ufetubi (D:5)
  7 dart slugs
  4 ribbon worms
  35 orcs
  3 bats
  5 endoplasms
  6 giant cockroaches
  9 goblins
  8 hobgoblins
  8 quokkas
  16 ball pythons
  2 frilled lizards (D:1)
  22 kobolds
  9 rats
300 creatures vanquished.

Notes
Turn   | Place    | Note
-------+----------+-------------------------------------------
     0 | D:1      | monsoonserge the Troll Shapeshifter began the quest for the
                  | Orb.
     0 | D:1      | Reached XP level 1. HP: 18/18 MP: 0/0
   306 | D:1      | Reached XP level 2. HP: 26/26 MP: 1/1
   775 | D:2      | Reached XP level 3. HP: 32/32 MP: 2/2
  1163 | D:2      | Found a hazy altar of Hepliaklqana.
  1199 | D:2      | Found a faded altar of an unknown god.
  1458 | D:2      | Reached skill level 4 in Unarmed Combat
  1605 | D:3      | Reached XP level 4. HP: 17/40 MP: 3/3
  1609 | D:3      | Reached skill level 1 in Fighting
  1848 | D:3      | Noticed Grinder
  1862 | D:3      | Paralysed by Grinder for 2 turns
  1871 | D:3      | Killed Grinder
  1872 | D:3      | Reached skill level 5 in Unarmed Combat
  1872 | D:3      | Reached XP level 5. HP: 20/48 MP: 4/4
  1872 | D:3      | Reached XP level 6. HP: 23/55 MP: 5/5
  1977 | D:3      | Found a shadowy altar of Dithmenos.
  2416 | D:4      | Found a glowing drain.
  2458 | D:4      | Reached skill level 6 in Unarmed Combat
  2472 | Sewer    | Entered a sewer
  2586 | Sewer    | Reached XP level 7. HP: 37/62 MP: 6/6
  2696 | Sewer    | Reached skill level 1 in Throwing
  2904 | D:4      | Reached skill level 5 in Shapeshifting
  2940 | D:4      | Reached skill level 7 in Unarmed Combat
  3044 | D:4      | HP: 2/62 [kobold brigand/+0 club (4)]
  3453 | D:5      | Entered Level 5 of the Dungeon
  3509 | D:5      | Reached XP level 8. HP: 70/70 MP: 7/7
  3653 | D:5      | Found Xuttosobb's Antique Armour Emporium.
  3661 | D:5      | Bought a dazzling robe for 171 gold pieces
  3661 | D:5      | Identified the +1 robe "Liow" {^Contam rElec rC+ Slay+5}
                  | (You bought it in a shop on level 5 of the Dungeon)
  3756 | D:5      | Reached skill level 8 in Unarmed Combat
  4156 | D:6      | Found a blossoming altar of Fedhas.
  4170 | D:6      | Noticed an oklob plant
  4368 | D:6      | Reached skill level 9 in Unarmed Combat
  4517 | D:6      | Noticed a hornet
  4526 | D:6      | Killed a hornet
  4527 | D:6      | Reached XP level 9. HP: 61/79 MP: 8/8
  4965 | D:7      | Found a staircase to the Ecumenical Temple.
  4974 | Temple   | Entered the Ecumenical Temple
  5044 | Temple   | Became a worshipper of the Wu Jian Council
  5241 | D:7      | Reached skill level 1 in Evocations
  5348 | D:7      | Reached skill level 10 in Unarmed Combat
  5403 | D:7      | Found Julov's Weapon Emporium.
  5513 | D:7      | Reached * piety under Wu Jian
  5829 | D:7      | Found a runed translucent door.
  5830 | D:7      | Noticed Crazy Yiuf
  5839 | D:7      | Killed Crazy Yiuf
  6092 | D:8      | Found Yzaeff's General Store.
  6219 | D:8      | Found Miwk's Book Boutique.
  6284 | D:8      | Found Lihump's Antique Armour Boutique.
  6384 | D:8      | Found Ziubbic's Book Emporium.
  6505 | D:8      | Noticed an oklob plant
  6639 | D:9      | Reached ** piety under Wu Jian
  6645 | D:9      | Reached XP level 10. HP: 67/87 MP: 9/9
  6682 | D:9      | Reached skill level 11 in Unarmed Combat
  6720 | D:9      | Found a glowing silver altar of Zin.
  6729 | D:9      | Learned a level 3 spell: Passwall
  6834 | D:9      | Found a transporter.
  6848 | D:9      | Found an ancient bone altar of Kikubaaqudgha.
  6852 | D:9      | Noticed a death knight
  6881 | D:9      | Found a basalt altar of Yredelemnul.
  6900 | D:9      | Found a transporter.
  7252 | D:10     | Entered Level 10 of the Dungeon
  7507 | D:10     | Found an iron altar of Okawaru.
  7509 | D:10     | Paralysed by a hornet for 1 turns
  7534 | D:10     | Found a flagged portal.
  7537 | D:10     | Reached skill level 12 in Unarmed Combat
  7548 | D:10     | Identified the +1 leather armour of Pahamug {Fly rElec rF+}
  7555 | Bailey   | Entered a bailey
  7654 | Bailey   | Reached *** piety under Wu Jian
  7748 | Bailey   | Reached skill level 5 in Dodging
  7872 | D:10     | Noticed a centaur warrior
  7883 | D:10     | Killed a centaur warrior
  7892 | D:10     | Reached XP level 11. HP: 37/96 MP: 10/10
  8197 | D:11     | Noticed Erica
  8204 | D:11     | Noticed a two-headed ogre
  8212 | D:11     | Killed a two-headed ogre
  8217 | D:11     | Killed Erica
  8217 | D:11     | Reached skill level 13 in Unarmed Combat
  8289 | D:11     | Noticed a two-headed ogre
  8351 | D:11     | Noticed an ogre mage
  8607 | D:11     | Killed a two-headed ogre
  8614 | D:11     | Killed an ogre mage
  8819 | D:11     | Found a staircase to the Lair.
  9043 | Lair:1   | Entered Level 1 of the Lair of Beasts
  9093 | Lair:1   | Noticed a catoblepas
  9100 | Lair:1   | Killed a catoblepas
  9100 | Lair:1   | Reached **** piety under Wu Jian
  9101 | Lair:1   | Reached skill level 14 in Unarmed Combat
  9130 | Lair:1   | HP: 5/145 [polar bear (4)]
  9135 | Lair:1   | HP: 5/145 [poisoned by a black mamba]
  9135 | Lair:1   | Slain by a polar bear

Illustrated notes

Levels and vault maps discovered:
D:1:      dpeg_arrival_signposts, layout_loops_ring, reono_crystal_passage,
          chequers_serial_rivers_room_a, minmay_liquid_box, grunt_decor_clamped
D:2:      layout_basic, basic_altar, chequers_ecumenical_altar_simple
D:3:      layout_loops_ring, lemuel_tele_altar, uniq_grinder
D:4:      cheibrodos_thug_alley, layout_basic, portal_sewer_entry_f,
          minmay_joined_circles
D:5:      layout_cave_pods, serial_shops, shop
D:6:      layout_loops_ring, tgw_fedhas
D:7:      layout_basic, minmay_temple_entry_drinking_statues, serial_shops,
          shop, uniq_crazy_yiuf_cottage
D:8:      layout_rooms, serial_shops, kennysheep_mini,
          nicolae_book_shop_shelving, shop, nicolae_shop_tiny_glass,
          introduction_to_nature_2
D:9:      layout_small_grid, gammafunk_temple_of_torment, zin_treasury
D:10:     layout_basic, mainiacjoe_overflow_alcove_4, enter_bailey_5
D:11:     layout_long_grid, david_lair_shrubbed, uniq_erica
Temple:   minmay_temple_bridge_d
Lair:1:   layout_loops_ring, gammafunk_ghost_ooze, grunt_megastairs_3

Skill      XL: |  1  2  3  4  5  6  7  8  9 10 11 |
---------------+----------------------------------+-----
Unarmed Combat | 4 5 6 7 9 10 12 14 | 14.2
Fighting       | 1 2 3 |  3.2
Dodging        | 2 3 4 5 6 |  6.1
Shapeshifting  | 4 5 6 7 8 9 |  9.3
Throwing       | 1 2 |  2.6
Evocations     | 1 |  1.3

Action                     |  1- 3 |  4- 6 |  7- 9 | 10-12 || total
---------------------------+-------+-------+-------+-------++-------
  Melee: Unarmed           |    69 |    75 |   333 |   309 ||   786
         Punch             |     1 |     1 |     7 |       ||     9
  Throw: Boomerang         |       |     5 |     1 |       ||     6
         Dart              |       |     3 |    19 |       ||    22
 Invoke: Serpent's Lash    |       |       |       |     1 ||     1
Ability: Whirlwind         |       |       |    22 |    74 ||    96
         Lunge             |       |       |    20 |    38 ||    58
  Evoke: Wand              |       |       |     4 |       ||     4
    Use: Potion            |       |       |     7 |     2 ||     9
         Scroll            |       |       |     3 |    10 ||    13
   Stab: Distracted        |     1 |       |       |       ||     1
 Armour: Animal skin       |    43 |    42 |    56 |       ||   141
         Robe              |       |       |    36 |       ||    36
         Skin              |       |       |    46 |   128 ||   174
  Dodge: Dodged            |    25 |    25 |   184 |   219 ||   453
   Form: Flux              |       |       |     4 |       ||     4
                           |       |       |     3 |       ||     3

Table legend: (Time is in decaauts)
 A = Elapsed time spent in this place.
 B = Non-inter-level travel time spent in this place.
 C = Inter-level travel time spent in this place.
 D = Time resting spent in this place.
 E = Time spent auto-exploring this place.
 F = Levels seen in this place.
 G = Mean time per level.
                   A        B        C        D        E       F      G
               +--------+--------+--------+--------+--------+-----+--------+
         Total |   9040 |   8386 |    654 |    164 |   5040 |  15 |  602.7 |
       Dungeon |   8193 |   7695 |    498 |    164 |   4936 |  11 |  744.8 |
        Temple |    140 |      2 |    138 |      0 |      0 |   1 |  140.0 |
          Lair |     81 |     63 |     18 |      0 |      0 |   1 |   81.0 |
         Sewer |    364 |    364 |      0 |      0 |    104 |   1 |  364.0 |
        Bailey |    261 |    261 |      0 |      0 |      0 |   1 |  261.0 |
               +--------+--------+--------+--------+--------+-----+--------+

Top non-repeatable levels by time:
     D:4: 871 daAuts
     D:6: 833 daAuts
    D:10: 831 daAuts
     D:2: 812 daAuts
     D:7: 794 daAuts
     D:1: 734 daAuts
    D:11: 672 daAuts
     D:9: 670 daAuts
     D:5: 661 daAuts
     D:8: 658 daAuts
     D:3: 652 daAuts
   Sewer: 364 daAuts
  Bailey: 261 daAuts
  Temple: 140 daAuts
  Lair:1: 81 daAuts
